 Dungeon Crawl Stone Soup version 0.24-a0-232-g49d9ff8 (webtiles) character file.

Game seed: 14032014557290274025

163 Hylith the Grave Robber (level 5, -4/37 HPs)
             Began as a Gnoll Necromancer on Apr 4, 2019.
             Slain by Sigmund
             ... wielding a +0 scythe
              (13 damage)
             ... on level 2 of the Dungeon.
             The game lasted 00:07:43 (1550 turns).

Hylith the Grave Robber (Gnoll Necromancer)         Turns: 1550, Time: 00:07:44

Health: -4/37      AC:  5    Str: 10    XL:     5   Next: 44%
Magic:  8/12       EV: 13    Int: 18    God:
Gold:   144        SH:  0    Dex: 16    Spells: 7/14 levels left

rFire    . . .     SeeInvis .   a - +0 short sword
rCold    . . .     Gourm    .   (no shield)
rNeg     . . .     Faith    .   p - +0 ring mail
rPois    .         Spirit   .   (no helmet)
rElec    .         Reflect  .   (no cloak)
rCorr    .         Harm     .   (no gloves)
MR       .....                  (no boots)
Stlth    +.........             (no amulet)
HPRegen  0.12/turn              (no ring)
MPRegen  0.13/turn              (no ring)

@: confused
A: distributed training, fangs 1, strong nose
a: no special abilities


You were on level 2 of the Dungeon.
You were not hungry.

You visited 1 branch of the dungeon, and saw 2 of its levels.

You collected 144 gold pieces.

Inventory:

Hand Weapons
 a - a +0 short sword (weapon)
 b - a +0 hunting sling
Missiles
 d - 69 stones (quivered)
Armour
 e - a +0 robe
 p - a +0 ring mail (worn)
Scrolls
 h - a scroll of fear {unknown}
 i - a scroll of noise {unknown}
 j - a scroll of enchant weapon {unknown}
 k - a scroll of magic mapping {unknown}
 l - a scroll of remove curse {unknown}
 m - a scroll of teleportation {unknown}
 q - a scroll of immolation {unknown}
 s - a scroll of identify {unknown}
Potions
 n - a potion of heal wounds {unknown}
 o - a potion of cancellation
 r - a potion of lignification
Comestibles
 c - 3 rations
 f - 5 chunks of flesh


   Skills:
 + Level 1.4 Fighting
 + Level 1.4 Short Blades
 + Level 1.4 Long Blades
 + Level 1.4 Axes
 + Level 1.4 Maces & Flails
 + Level 1.4 Polearms
 + Level 1.4 Staves
 + Level 1.4 Slings
 + Level 1.4 Bows
 + Level 1.4 Crossbows
 + Level 1.4 Throwing
 + Level 1.4 Armour
 + Level 4.8 Dodging
 + Level 4.4 Stealth
 + Level 1.4 Shields
 + Level 1.4 Unarmed Combat
 + Level 5.2 Spellcasting
 + Level 1.1 Conjurations
 + Level 1.1 Hexes
 + Level 1.1 Charms
 + Level 1.1 Summonings
 + Level 7.2 Necromancy
 + Level 1.1 Translocations
 + Level 1.1 Transmutations
 + Level 1.1 Fire Magic
 + Level 1.1 Ice Magic
 + Level 1.1 Air Magic
 + Level 1.1 Earth Magic
 + Level 1.1 Poison Magic
 + Level 1.6 Invocations
 + Level 1.4 Evocations


You had 7 spell levels left.
You knew the following spells:

 Your Spells              Type           Power        Failure   Level  Hunger
a - Pain                  Necr           ####         1%          1    None
c - Vampiric Draining     Necr           ####......   4%          3    ##.....
r - Regeneration          Chrm/Necr      ###.......   17%         3    ##.....

Your spell library contained the following spells:

 Spells                   Type           Power        Failure   Level  Hunger
 Animate Skeleton         Necr           N/A          1%          1    None
 Animate Dead             Necr           N/A          17%         4    ####...


Dungeon Overview and Level Annotations

Branches:
Dungeon (2/15)

Altars:
Xom

Annotations:
D:2 Sigmund


Innate Abilities, Weirdness & Mutations

Your experience applies equally to all skills.
You have very sharp teeth.
Your uncanny sense of smell can sniff out nearby items.


Message History

You completely miss something. Something hits you!
* * * LOW HITPOINT WARNING * * *
Something barely misses you.
You're too confused to move!
Your skin is crawling a little less now.
Something hits you. Something completely misses you.
You feel less confused.
You miss something.
You hear some strange, mumbled words.
You are confused.
You bump into the rock wall.
Something hits you but does no damage.
You closely miss something.
Your skin stops crawling.
Something hits you!
* * * LOW HITPOINT WARNING * * *
You completely miss something. You barely miss something.
Something barely misses you.
You completely miss something. Something hits you!
You die...

....... ########## ......l
#%.......# .......
#........# .......
####........# ...?...
#.##........#
##.........##.##.{......#
#.. ).......รท.##@.......#
#.# ######.#.##......%.#
..###### #.#..#?.......#
.......####.##.#........#
..........#.##.########.###
............##.# ###.#.#
...........###.# ##.....#
............##.# ###..##.##
...............###.......#


There were no monsters in sight!

Vanquished Creatures
  Jessica (D:2)
  Natasha (D:2)
  Terence (D:2)
  4 adders (D:2)
  2 worms (D:2)
  3 dart slugs
  4 leopard geckos (D:2)
  7 goblins
  6 hobgoblins
  5 bats (D:1)
  8 rats (D:1)
42 creatures vanquished.

Notes
Turn   | Place    | Note
-------+----------+-------------------------------------------
     0 | D:1      | Hylith the Gnoll Necromancer began the quest for the Orb.
     0 | D:1      | Reached XP level 1. HP: 13/13 MP: 6/6
   395 | D:1      | Reached XP level 2. HP: 8/19 MP: 1/7
  1021 | D:2      | Reached XP level 3. HP: 25/25 MP: 9/9
  1028 | D:2      | Reached skill level 5 in Spellcasting
  1039 | D:2      | Learned a level 3 spell: Regeneration
  1043 | D:2      | Learned a level 3 spell: Vampiric Draining
  1114 | D:2      | Noticed Terence
  1129 | D:2      | Reached skill level 1 in Invocations
  1137 | D:2      | Killed Terence
  1137 | D:2      | Reached skill level 1 in Fighting
  1137 | D:2      | Reached skill level 1 in Short Blades
  1137 | D:2      | Reached skill level 1 in Long Blades
  1137 | D:2      | Reached skill level 1 in Axes
  1137 | D:2      | Reached skill level 1 in Maces & Flails
  1137 | D:2      | Reached skill level 1 in Polearms
  1137 | D:2      | Reached skill level 1 in Staves
  1137 | D:2      | Reached skill level 1 in Slings
  1137 | D:2      | Reached skill level 1 in Bows
  1137 | D:2      | Reached skill level 1 in Crossbows
  1137 | D:2      | Reached skill level 1 in Throwing
  1137 | D:2      | Reached skill level 1 in Armour
  1137 | D:2      | Reached skill level 1 in Shields
  1137 | D:2      | Reached skill level 1 in Unarmed Combat
  1137 | D:2      | Reached skill level 1 in Evocations
  1137 | D:2      | Reached XP level 4. HP: 14/32 MP: 1/11
  1227 | D:2      | Noticed Jessica
  1271 | D:2      | Killed Jessica
  1271 | D:2      | Reached skill level 1 in Conjurations
  1271 | D:2      | Reached skill level 1 in Hexes
  1271 | D:2      | Reached skill level 1 in Charms
  1271 | D:2      | Reached skill level 1 in Summonings
  1271 | D:2      | Reached skill level 1 in Translocations
  1271 | D:2      | Reached skill level 1 in Transmutations
  1271 | D:2      | Reached skill level 1 in Fire Magic
  1271 | D:2      | Reached skill level 1 in Ice Magic
  1271 | D:2      | Reached skill level 1 in Air Magic
  1271 | D:2      | Reached skill level 1 in Earth Magic
  1271 | D:2      | Reached skill level 1 in Poison Magic
  1331 | D:2      | Found a shimmering altar of Xom.
  1353 | D:2      | Reached XP level 5. HP: 26/37 MP: 4/12
  1421 | D:2      | Noticed Natasha
  1434 | D:2      | Killed Natasha
  1442 | D:2      | HP: 1/37 [poisoned by an adder]
  1522 | D:2      | Noticed Sigmund
  1550 | D:2      | Slain by Sigmund

Levels and vault maps discovered:
D:1:      dpeg_arrival_tiny_h, layout_loops_ring
D:2:      layout_rooms, xom_teletrap_fun, first_ration, uniq_terence,
          uniq_sigmund, uniq_natasha, uniq_jessica

Skill      XL: |  1  2  3  4 |
---------------+-------------+-----
Spellcasting   | 5 |  5.2
Invocations    | 1 |  1.6
Fighting       | 1 |  1.4
Short Blades   | 1 |  1.4
Long Blades    | 1 |  1.4
Axes           | 1 |  1.4
Maces & Flails | 1 |  1.4
Polearms       | 1 |  1.4
Staves         | 1 |  1.4
Slings         | 1 |  1.4
Bows           | 1 |  1.4
Crossbows      | 1 |  1.4
Throwing       | 1 |  1.4
Armour         | 1 |  1.4
Shields        | 1 |  1.4
Unarmed Combat | 1 |  1.4
Evocations     | 1 |  1.4
Conjurations   | 1 |  1.1
Hexes          | 1 |  1.1
Charms         | 1 |  1.1
Summonings     | 1 |  1.1
Translocations | 1 |  1.1
Transmutations | 1 |  1.1
Fire Magic     | 1 |  1.1
Ice Magic      | 1 |  1.1
Air Magic      | 1 |  1.1
Earth Magic    | 1 |  1.1
Poison Magic   | 1 |  1.1
Dodging        | |  4.8
Stealth        | |  4.4
Necromancy     | |  7.2

Action                   |  1- 3 |  4- 6 || total
-------------------------+-------+-------++-------
Melee: Unarmed           |    12 |       ||    12
       Bite              |     4 |     8 ||    12
       Short sword       |    46 |    88 ||   134
 Cast: Pain              |    25 |     8 ||    33
       Regeneration      |     1 |     5 ||     6
       Vampiric Draining |       |     4 ||     4
  Use: Potion            |       |     3 ||     3
 Stab: Sleeping          |     7 |     1 ||     8
  Eat: Chunk             |     1 |     2 ||     3
Armor: Robe              |    11 |       ||    11
       Ring mail         |       |    21 ||    21
       Skin              |       |     2 ||     2
Dodge: Dodged            |    55 |    53 ||   108

Table legend:
 A = Non-vault XP
 B = Vault XP
 C = Vault XP percentage of total XP
 D = Non-vault monster count
 E = Vault monster count
 F = Vault count percentage of total count
                 A         B        C        D         E       F
            +---------+---------+-------+---------+---------+-------
      Total |     127 |     106 |  45.5 |      39 |       3 |   7.1
            +---------+---------+-------+---------+---------+-------
        D:1 |      33 |       0 |   0.0 |      21 |       0 |   0.0
        D:2 |      94 |     106 |  53.0 |      18 |       3 |  14.3
            +---------+---------+-------+---------+---------+-------
